 Dungeon Sprint DCSS version 0.29-a0-384-g6960b1960d (webtiles) character file.

Game seed: 10032044927280124555

1129 mhtbhm the Slicer (level 8, -2/53 (58) HPs)
             Began as a Kobold Berserker on May 7, 2022.
             Was a High Priest of Trog.
             Slain by a wight
             ... wielding a +0 morningstar
              (7 damage)
             ... in the Dungeon (Sprint VII: "The Pits").
             The game lasted 00:01:39 (900 turns).

mhtbhm the Slicer (Kobold Berserker)                 Turns: 900, Time: 00:01:40

HP:   -2/53 (58)    AC: 12    Str: 16    XL:     8   Next: 62%
MP:   2/2           EV: 11    Int:  9    God:    Trog [*****.]
Gold: 0             SH:  0    Dex: 14    Spells: 7/7 levels left

rFire   . . .      SeeInvis .   a - +5 quick blade (antimagic)
rCold   . . .      Faith    .   (no shield)
rNeg    . . .      Spirit   .   b - +3 chain mail
rPois   .          Reflect  .   (no helmet)
rElec   .          Harm     .   (no cloak)
rCorr   .          Rampage  .   (no gloves)
Will    .....      NoTele   +   (no boots)
Stlth   ..........              (no amulet)
HPRegen 0.17/turn               (no ring)
MPRegen 0.08/turn               (no ring)

@: confused, on berserk cooldown, slowed, drained, very slow
A: small, no large weapons, nightstalker 3
a: Renounce Religion, Berserk, Trog's Hand, Brothers in Arms


You were in the Dungeon.
You worshipped Trog.
Trog was extremely pleased with you.
You visited 1 branch

Inventory:

Hand Weapons
 a - a +5 antimagic quick blade (weapon)
Armour
 b - a +3 chain mail (worn)
Scrolls
 h - a scroll of blinking
 j - a scroll of summoning
Potions
 c - 6 potions of curing
 d - 6 potions of heal wounds
 e - a potion of haste
 f - 4 potions of magic
 g - 3 potions of berserk rage
 i - 2 potions of invisibility


   Skills:
 + Level 10.3 Fighting
 + Level 14.6 Short Blades
 + Level 5.1 Armour
 + Level 7.4 Dodging
 + Level 10.4 Stealth


You had 7 spell levels left.
You didn't know any spells.
Your spell library was empty.

Dungeon Overview and Level Annotations

Branches:
Dungeon (1/1)

Altars:
Fedhas
Gozag
Hepliaklqana
Qazlal
Ru
Sif Muna
Trog
Zin
The Shining One
Jiyva


Innate Abilities, Weirdness & Mutations

You are small and have problems with some larger weapons.
You are completely attuned to the shadows.


Message History

Unknown command.
You bump into the metal wall.
Unknown command.
You're too confused to move!
You feel a strong urge to attack something.
The wight closely misses you. x2
The swamp drake breathes poison at you.
The noxious blast engulfs you but does no damage.
You are poisoned.
Unknown command.
You barely miss the wight.
You are engulfed in noxious fumes.
You choke on the stench!
You are more confused.
You feel sick.
You bump into the metal wall.
You are engulfed in noxious fumes.
You choke on the stench!
You are more confused.
The wight hits you but does no damage. The wight hits you with a +7 falchion.
The swamp drake bites you.
* * * LOW HITPOINT WARNING * * *
Unknown command.
You bump into the metal wall.
You feel a strong urge to attack something.
You are engulfed in noxious fumes.
You are no longer berserk.
You are exhausted.
You feel yourself slow down.
You feel sick.
Unknown command.
You bump into the metal wall.
You are engulfed in noxious fumes.
You choke on the stench!
You are more confused.
You feel sick.
You are no longer poisoned.
The swamp drake bites you!
* * * LOW HITPOINT WARNING * * *
The wight closely misses you. The wight barely misses you.
The wight hits you but does no damage.
The swamp drake bites you but does no damage.
The wight hits you with a +0 morningstar!
You die...

#.##'####))##.......#
#.#.....#[[##.......#
#.#.....#'###...<...#
#.#........##.......#
#.#........##.......#
#)###########.......#
#)).....#†.##########
#..#.#..#)######
#.##.##.#)#@z°.#
#.......#)#kz..#
#.##.##.#°4z°°.+
#..#.#..#'#....#
#.......'.#....#
#############


You could see a hellwing, a swamp drake and 3 wights.

Vanquished Creatures
  A phantasmal warrior (D)
  A water moccasin (D)
  An ice beast (D)
  A sky beast (D)
  A black bear (D)
  A wolf (D)
  2 wights (D)
  An orc priest (D)
  A gnoll shaman (D)
  An orc wizard (D)
  A gnoll (D)
  2 orcs (D)
  A bat (D)
  A bat zombie (D)
  A goblin (D)
  5 jackals (D)
  A kobold (D)
  3 quokkas (D)
  A ball python skeleton (D)
  A ball python zombie (D)
  A rat (D)
29 creatures vanquished.

Notes
Turn   | Place    | Note
-------+----------+-------------------------------------------
     0 | D        | mhtbhm the Kobold Berserker began the quest for the Orb.
     0 | D        | Reached XP level 1. HP: 14/14 MP: 1/1
    45 | D        | Found a bloodstained altar of Trog.
    45 | D        | Found a shimmering blue altar of Sif Muna.
    45 | D        | Found a viscous altar of Jiyva.
    45 | D        | Found a hazy altar of Hepliaklqana.
    45 | D        | Found an opulent altar of Gozag.
    46 | D        | Found a glowing golden altar of the Shining One.
    46 | D        | Found a glowing silver altar of Zin.
    46 | D        | Found a sacrificial altar of Ru.
    46 | D        | Found a stormy altar of Qazlal.
    46 | D        | Found a blossoming altar of Fedhas.
    57 | D        | Reached ** piety under Trog
    69 | D        | Reached skill level 5 in Short Blades
   183 | D        | Reached XP level 2. HP: 15/20 MP: 2/2
   357 | D        | Reached *** piety under Trog
   363 | D        | Reached skill level 1 in Stealth
   382 | D        | Reached **** piety under Trog
   461 | D        | Noticed a black bear
   461 | D        | Noticed a water moccasin
   461 | D        | Noticed an ice beast
   469 | D        | Killed a black bear
   470 | D        | Reached skill level 8 in Short Blades
   470 | D        | Reached XP level 3. HP: 23/27 MP: 3/3
   470 | D        | Reached XP level 4. HP: 28/32 MP: 4/4
   470 | D        | Reached XP level 5. HP: 31/36 MP: 5/5
   471 | D        | Killed a water moccasin
   472 | D        | Reached skill level 10 in Short Blades
   472 | D        | Reached skill level 5 in Dodging
   472 | D        | Reached XP level 6. HP: 44/44 MP: 6/6
   480 | D        | Killed an ice beast
   481 | D        | Reached skill level 11 in Short Blades
   484 | D        | Reached ***** piety under Trog
   487 | D        | Received a gift from Trog
   677 | D        | Noticed a phantasmal warrior
   695 | D        | Killed a phantasmal warrior
   696 | D        | Reached skill level 13 in Short Blades
   696 | D        | Reached XP level 7. HP: 52/52 MP: 2/7
   696 | D        | Reached XP level 8. HP: 57/57 MP: 2/8
   780 | D        | Reached skill level 14 in Short Blades
   788 | D        | Reached skill level 10 in Fighting
   788 | D        | Reached skill level 10 in Stealth
   864 | D        | Reached skill level 5 in Armour
   881 | D        | Noticed a hellwing
   900 | D        | Slain by a wight

Illustrated notes

Levels and vault maps discovered:
D:        pitsprint [storerooms_1, entrance_room_1, metal_vault_2, armoury_3,
          mini_pit_1, grid_room_1, main_hall_1, silver_pit, the_coven_1,
          the_vestibule_1, steel_vault_4, golden_pit, hallway_of_sentries,
          crystal_vault_3, iron_vault_4, final_vault]

Skill      XL: |  1  2  3  4  5  6  7  8 |
---------------+-------------------------+-----
Short Blades   | 5 8 10 13 14 | 14.6
Fighting       | 4 6 7 9 10 | 10.3
Stealth        | 4 6 9 10 | 10.4
Dodging        | 4 5 7 |  7.4
Armour         | 2 3 4 5 |  5.1

Action                   |  1- 3 |  4- 6 |  7- 9 || total
-------------------------+-------+-------+-------++-------
Melee: Dagger            |    51 |    18 |       ||    69
       Short sword       |     3 |       |       ||     3
       Quick blade       |       |    22 |    58 ||    80
       Punch             |       |     1 |       ||     1
Invok: Berserk           |       |     2 |     1 ||     3
 Stab: Sleeping          |     3 |     1 |       ||     4
Armor: Animal skin       |     4 |       |       ||     4
       Chain mail        |     3 |     7 |    14 ||    24
Dodge: Dodged            |    43 |     9 |    15 ||    67

Table legend: (Time is in decaauts)
 A = Elapsed time spent in this place.
 B = Non-inter-level travel time spent in this place.
 C = Inter-level travel time spent in this place.
 D = Time resting spent in this place.
 E = Time spent auto-exploring this place.
 F = Levels seen in this place.
 G = Mean time per level.
                   A        B        C        D        E       F      G
               +--------+--------+--------+--------+--------+-----+--------+
         Total |    837 |    837 |      0 |    551 |     30 |   1 |  837.0 |
       Dungeon |    837 |    837 |      0 |    551 |     30 |   1 |  837.0 |
               +--------+--------+--------+--------+--------+-----+--------+

Top non-repeatable levels by time:
       D: 837 daAuts
